Unix NetHack Version 3.7.0-101 Work-in-progress - last build Mar 4 2024 02:26:32 (3c4ac04b664b9ee0831c739617f054b5b60dbfd1,branch:master). Game began 2024-03-13 13:10:48, ended 2024-03-13 13:37:29. elenmirie, neutral female gnomish Archeologist ########### +######----- -----# ----------- -------- #|.... |...|##########..........| |......| ##|.@d| |...+# |.[.......| ##...>...| #|Si.| #|...|##########0......>..| #|......| #....+ ##....| # |.........| #---.---- #----- #|....#### #..........| # ### 0#################----- # #-----------# # # #0##### ########################### #### # # -+-.-- #### # |.)..| -----## #### -----## |....| ...^|# ## #|...|# |0...| |.)..# ###..{..) |....| |...| #|...| |....| |.<.| #-...| |....| ----- ----- ------ Elenmirie the Field Worker St:9 Dx:13 Co:12 In:18 Wi:14 Ch:11 Neutral Dlvl:3 $:11 HP:0(22) Pw:10(10) AC:8 Xp:3/70 T:1043 Burdened Latest messages: You kill the gecko! There is a doorway here. You see here a gecko corpse. Yermak eats a gecko corpse. You find a hidden passage. With great effort you move the boulder. With great effort you move the boulder. You try to move the boulder, but in vain. That door is closed. You swap places with Yermak. You swap places with Yermak. You see here a light brown spellbook. You have a little trouble lifting z - a light brown spellbook. Your movements are slowed slightly because of your load. What do you want to read? [z or ?*] z These runes were just too much to comprehend. The garter snake bites! The garter snake bites! The garter snake bites! The garter snake bites! Yermak misses the garter snake. The garter snake bites! Yermak bites the garter snake. The garter snake misses Yermak. The garter snake bites! Yermak bites the garter snake. The garter snake is killed! Yermak eats a garter snake corpse. You feel less confused now. You hear a chugging sound. The garter snake bites! Yermak misses the homunculus. The homunculus bites! The garter snake bites! Yermak misses the homunculus. The homunculus bites! The homunculus bites! Yermak bites the homunculus. Yermak bites the homunculus. The homunculus misses Yermak. The homunculus bites! Yermak misses the homunculus. Yermak bites the homunculus. The homunculus bites! You die... Do you want your possessions identified? [ynq] (y) y Do you want to see your attributes? [ynq] (y) y Do you want an account of creatures vanquished? [ynaq] (y) y Do you want to see your conduct and achievements? [ynq] (y) y Do you want to see the dungeon overview? [ynq] (y) y Inventory: Coins $ - 11 gold pieces Weapons o - 61 uncursed +0 darts p - an uncursed +0 dagger a - an uncursed +2 bullwhip (weapon in right hand) Armor c - an uncursed +0 fedora r - an uncursed +0 orcish helm (being worn) b - an uncursed +0 leather jacket (being worn) Comestibles d - 4 uncursed food rations k - an uncursed tripe ration Spellbooks z - an uncursed spellbook of cancellation Rings q - an uncursed ring of shock resistance Tools w - an uncursed sack containing 7 items i - an uncursed tin opener t - an uncursed tinning kit (0:62) Gems/Stones g - an uncursed touchstone Contents of the sack: 326 gold pieces an uncursed scroll of enchant armor a cursed scroll of teleportation an uncursed potion of enlightenment a blessed potion of object detection a blessed potion of see invisible an uncursed +0 pick-axe Elenmirie the Archeologist's attributes: Background: You were a Field Worker, a level 3 female gnomish Archeologist. You were neutral, nominally on a mission for Camaxtli who was opposed by Quetzalcoatl (lawful) and Huhetotl (chaotic). You were right-handed. You were in the Dungeons of Doom, on level 3. You entered the dungeon 1043 turns ago. You had 70 experience points, 10 more were needed to attain level 4. Basics: You had 0 out of 22 hit points. You had all 10 energy points (spell power). Your armor class was 8. Your wallet contained 11 zorkmids, and you had 326 more stashed away in your pack. Autopickup was on for '$' plus thrown. Final Characteristics: Your strength was 9 (limit:18/50). Your dexterity was 13 (limit:18). Your constitution was 12 (limit:18). Your intelligence was 18 (limit:19). Your wisdom was 14 (limit:18). Your charisma was 11 (limit:18). Final Status: You weren't hungry. You were burdened; movement was slightly slowed. You were wielding a whip. You had basic skill with whip. Final Attributes: You were fervently aligned. You had automatic searching. You had infravision. You are dead. Miscellaneous: You never encountered a bones level. Total elapsed playing time was 26 minutes and 41 seconds. Major events: Turn 1: elenmirie the neutral female gnomish Archeologist entered the dungeon 384: attained the rank of Field Worker (level 3) 1043: killed by a homunculus, while reading a book Vanquished creatures: a ghost a large kobold a hobgoblin a giant rat a green mold a red mold a garter snake a gecko a jackal a fox 2 goblins a sewer rat a grid bug 3 lichens 2 newts 19 creatures vanquished. No species were genocided or became extinct. Voluntary challenges: You followed a strict vegan diet. You were an atheist. You read items or engraved 1 time. You never engraved Elbereth. You never genocided any monsters. You never polymorphed an object. You never changed form. You used no wishes. Achievements: You attained the rank of Field Worker. You entered a shop. The Dungeons of Doom: levels 1 to 3 Level 1: Some fountains. Level 2: Level 3: <- You were here. A fountain. Final resting place for you, killed by a homunculus, while reading a book. Game over: ---------- / \ / REST \ / IN \ / PEACE \ / \ | elenmirie | | 337 Au | | killed by a | | homunculus | | | | | | 2024 | *| * * * | * _________)/\\_//(\/(/\)/\//\/|_)_______ Goodbye elenmirie the Archeologist... You died in The Dungeons of Doom on dungeon level 3 with 1212 points, and 337 pieces of gold, after 1043 moves. You were level 3 with a maximum of 22 hit points when you died.